 Dungeon Sprint DCSS version 0.31-a0-145-g046c7d2549 (webtiles) character file.

Game seed: 3142137853101394187

2468 Conn the Arsonist (level 9, -10/54 HPs)
             Began as an Octopode Fire Elementalist on June 4, 2023.
             Was an Elder of Sif Muna.
             Killed from afar by a hell hog (17 damage)
             ... with a fireball
             ... in the Dungeon (Sprint II: "The Violet Keep of Menkaure").
             The game lasted 00:18:12 (692 turns).

Conn the Arsonist (Octopode Fire Elementalist)       Turns: 692, Time: 00:18:12

Health: -10/54     AC:  1    Str:  7    XL:     9   Next: 51%
Magic:  6/21       EV: 15    Int: 22    God:    Sif Muna [****..]
Gold:   1091       SH:  0    Dex: 12    Spells: 7/24 levels left

rFire   + . .        w - staff of cold
rCold   + + .        (no shield)
rNeg    . . .        (helmet restricted)
rPois   .            u - amulet of faith
rElec   .            l - ring of resist corrosion
rCorr   +            r - ring of protection from fire
SInv    .            (no ring)
Will    .....        (no ring)
Stlth   ++           (no ring)
HPRegen 0.29/turn    (no ring)
MPRegen 0.17/turn    (no ring)
                     (no ring)

%: no teleportation, faith
@: confused, ambrosia-drunk, hasted, very quick
A: almost no armour, amphibious, 8 rings, camouflage 1, gelatinous body 1,
(nimble swimmer 1), tentacles, large bone plates 1, cold resistance 1
a: Renounce Religion, Channel Magic, Forget Spell, Divine Exegesis


You were in the Dungeon.
You worshipped Sif Muna.
Sif Muna was greatly pleased with you.
You visited 1 branch You collected 1091 gold pieces.

Inventory:

Missiles
 x - 5 atropa-tipped darts
Magical Staves
 w - a staff of cold (weapon)
Jewellery
 l - a ring of resist corrosion (left tentacle)
 r - a ring of protection from fire (right tentacle)
 u - an amulet of faith (around mantle)
Scrolls
 h - a scroll of enchant weapon
 i - a scroll of brand weapon {unknown}
 m - a scroll of fog
 s - a scroll of magic mapping
Potions
 a - 3 potions of magic
 b - 2 potions of curing
 e - 2 potions of mutation
 g - a potion of degeneration
 k - a potion of might
 p - 3 potions of enlightenment
 q - 2 potions of resistance
 t - a potion of ambrosia
 v - a potion of attraction


   Skills:
 + Level 2.2 Fighting
 + Level 3.4 Staves
 + Level 6.2 Dodging
 - Level 2.9 Stealth
 * Level 6.6 Shields
 + Level 8.2 Spellcasting
 * Level 8.1 Conjurations
 + Level 3.0 Hexes
 * Level 6.2 Summonings
 + Level 10.7 Fire Magic
 * Level 8.7 Invocations


You had 7 spell levels left.
You knew the following spells:

 Your Spells              Type           Power      Damage    Failure   Level
a - Foxfire               Conj/Fire      100%       2x1d9     1%          1
b - Scorch                Fire           100%       2d9       1%          2
c - Inner Flame           Hex/Fire       39%        N/A       1%          3
d - Flame Wave            Conj/Fire      50%        2d12      1%          4
e - Summon Small Mammal   Summ           100%       N/A       1%          1
f - Summon Guardian Gole  Hex/Summ       29%        N/A       3%          3
g - Call Canine Familiar  Summ           36%        N/A       1%          3

Your spell library contained the following spells:

 Spells                   Type           Power      Damage    Failure   Level
 Volatile Blastmotes      Fire/Tloc      64%        2d15      2%          3
 Tukima's Dance           Hex            22%        N/A       6%          3
 Portal Projectile        Hex/Tloc       30%        N/A       12%         3
 Blade Hands              Tmut           4%         N/A       90%         5


Dungeon Overview and Level Annotations

Branches:
Dungeon (1/1)

Altars:
Cheibriados
Dithmenos
Elyvilon
Fedhas
Gozag
Hepliaklqana
Kikubaaqudgha
Makhleb
Nemelex Xobeh
Okawaru
Qazlal
Ru
Sif Muna
Trog
Uskayaw
Vehumet
Wu Jian
Xom
Yredelemnul
Zin
The Shining One
Jiyva
Lugonu

Shops:
D =[=??:((!?(!![


Innate Abilities, Weirdness & Mutations

You cannot wear most types of armour.
You are amphibious.
You can wear up to eight rings at the same time.
Your skin changes colour to match your surroundings (Stealth+).
Your rubbery body absorbs attacks. (AC +1, EV +1)
((You are camouflaged when in or above water. (Stealth+)))
You have tentacles for arms and can constrict up to eight enemies at once.
You are partially covered in large bone plates. (SH +4)
Your flesh is cold resistant. (rC+)


Message History

Aiming: Inner Flame (dangerous; 3% risk of failure)
Press: ? - help, Dir - move target, f/p - yaktaur captain
Aim: a yaktaur captain, wielding a +0 arbalest (heavily wounded, ally target, chance to affect: 51%)
The yaktaur captain is filled with an inner flame.
The centaur warrior shoots an arrow.
The arrow hits your guardian golem!
Your guardian golem disappears in a puff of smoke!
Your guardian golem explodes!
The fiery explosion engulfs the centaur warrior!!
Sif Muna accepts your kill.
The centaur warrior explodes!
The fiery explosion engulfs the yaktaur captain!!!
Sif Muna accepts your kill.
The yaktaur captain explodes!
You hear a trumpeting!
Your Fighting skill increases to level 2!
Your Dodging skill increases to level 6!
Your Shields skill increases to level 6!
Your Spellcasting skill gained 2 levels and is now at level 8!
Your Conjurations skill increases to level 8!
Your Hexes skill gained 2 levels and is now at level 3!
Your Summonings skill increases to level 6!
Your Fire Magic skill increases to level 10!
Your Invocations skill increases to level 8!
You have reached level 9!
Your experience leads to an increase in your attributes!
Increase (S)trength, (I)ntelligence, or (D)exterity?
You feel clever. x2
Press: ? - help, v - describe, . - travel, g - get item
Here: a hell hog (flame)
Items here: a +0 shortbow; 81 gold pieces; a merfolk corpse.
The floor.
Unknown command.
Unknown command.
Okay, then.
You are confused.
You feel invigorated.
You hear an angry squeal.
The hell hog breathes fire at you.
The fireball explodes!
The fireball engulfs you! You resist.
You die...

∩.∩...#~~v #..#..#....# ...
.∩....#~~####.#.####..## #..
∩.∩.h.#z##.###'###.##..# +..
.∩.∩..#~#h.###.##.###..# #..
..∩.∩.'~'.##'z<§'##.'..####..
...∩.∩#~#.#.##h##...#....###.
▓▓▓▓###~##c###°###.##......~~
H######~~####§§)####~~.....~#
H ##~~~#@.#..#~~~§~~§..~#
#†#~##...##~~~~§~~~.~#
#.#~~##+##~~~§§≈~~~~~#
####~~~~~~~~~§§§§§§§§#
#+++#+++#~§≈≈§§§≈~#


zzz§ ##≈≈≈###≈≈# .zz≈z≈ #≈≈# z§z.§§.≈+ #§≈# ≈°≈§§≈.## §≈≈# You could see a hell
hog (catching breath).

Vanquished Creatures
  A yaktaur captain (D)
  A merfolk siren (D)
  Menkaure (D)
  4 neqoxecs (D)
  A nameless horror (D)
  5 scorpions (D)
  3 worms (D)
16 creatures vanquished.

Vanquished Creatures (others)
  A centaur warrior (D)
  A water moccasin (D)
  5 foxfires (D)
  4 tentacles (D)
11 creatures vanquished.

Grand Total: 27 creatures vanquished

Notes
Turn   | Place    | Note
-------+----------+-------------------------------------------
     0 | D        | Conn the Octopode Fire Elementalist began the quest for the
                  | Orb.
     0 | D        | Reached XP level 1. HP: 11/11 MP: 3/3
    10 | D        | Reached skill level 4 in Fire Magic
    10 | D        | Reached XP level 2. HP: 17/17 MP: 5/5
    19 | D        | Noticed a water moccasin
    24 | D        | Learned a level 2 spell: Scorch
    28 | D        | Killed a water moccasin
    43 | D        | Found a glowing silver altar of Zin.
    43 | D        | Found a radiant altar of Vehumet.
    44 | D        | Found a glowing golden altar of the Shining One.
    44 | D        | Found a basalt altar of Yredelemnul.
    44 | D        | Found a hide-covered altar of Uskayaw.
    45 | D        | Found a shimmering altar of Xom.
    45 | D        | Found a bloodstained altar of Trog.
    45 | D        | Found a burning altar of Makhleb.
    45 | D        | Found a sparkling altar of Nemelex Xobeh.
    46 | D        | Found an ornate altar of the Wu Jian Council.
    46 | D        | Found a shimmering blue altar of Sif Muna.
    46 | D        | Found a corrupted altar of Lugonu.
    46 | D        | Found a blossoming altar of Fedhas.
    47 | D        | Found a sacrificial altar of Ru.
    47 | D        | Found an ancient bone altar of Kikubaaqudgha.
    47 | D        | Found a white marble altar of Elyvilon.
    48 | D        | Found a stormy altar of Qazlal.
    48 | D        | Found a viscous altar of Jiyva.
    48 | D        | Found a shadowy altar of Dithmenos.
    51 | D        | Found a hazy altar of Hepliaklqana.
    51 | D        | Found a snail-covered altar of Cheibriados.
    54 | D        | Found an opulent altar of Gozag.
    54 | D        | Found an iron altar of Okawaru.
    56 | D        | Noticed a water moccasin
    57 | D        | Became a worshipper of Sif Muna the Loreminder
    64 | D        | Noticed a water moccasin
    68 | D        | Noticed a kraken
    69 | D        | Noticed a water moccasin
   201 | D        | Learned a level 1 spell: Summon Small Mammal
   244 | D        | Gained mutation: You are partially covered in large bone
                  | plates. (SH +4) [potion of mutation]
   244 | D        | Gained mutation: Your flesh is cold resistant. (rC+)
                  | [potion of mutation]
   272 | D        | Noticed a yaktaur
   272 | D        | Noticed a hornet
   272 | D        | Noticed a polar bear
   284 | D        | Noticed an electric eel
   287 | D        | Noticed an electric eel
   288 | D        | Noticed Menkaure
   303 | D        | Noticed a scorpion
   303 | D        | Noticed a scorpion
   303 | D        | Noticed a scorpion
   303 | D        | Noticed a scorpion
   309 | D        | Killed a scorpion
   310 | D        | Reached skill level 5 in Fire Magic
   310 | D        | Reached XP level 3. HP: 16/21 MP: 5/7
   310 | D        | Reached XP level 4. HP: 21/27 MP: 6/9
   313 | D        | Killed a scorpion
   313 | D        | Reached * piety under Sif Muna
   314 | D        | Reached skill level 6 in Fire Magic
   314 | D        | Reached XP level 5. HP: 14/31 MP: 6/10
   319 | D        | Reached skill level 1 in Staves
   319 | D        | Reached skill level 7 in Fire Magic
   325 | D        | Reached XP level 6. HP: 5/37 MP: 5/12
   329 | D        | Learned a level 3 spell: Inner Flame
   334 | D        | Learned a level 4 spell: Flame Wave
   338 | D        | Learned a level 3 spell: Summon Guardian Golem
   435 | D        | Noticed a neqoxec
   437 | D        | Noticed a nameless horror
   439 | D        | Noticed a neqoxec
   442 | D        | Noticed a neqoxec
   443 | D        | Killed a neqoxec
   443 | D        | Reached ** piety under Sif Muna
   444 | D        | Reached skill level 1 in Fighting
   444 | D        | Reached skill level 5 in Spellcasting
   444 | D        | Reached skill level 5 in Conjurations
   444 | D        | Reached skill level 8 in Fire Magic
   444 | D        | Reached skill level 5 in Invocations
   446 | D        | Noticed a neqoxec
   448 | D        | Killed a neqoxec
   448 | D        | Killed a nameless horror
   449 | D        | Reached skill level 5 in Dodging
   449 | D        | Reached XP level 7. HP: 25/43 MP: 6/15
   449 | D        | Killed a neqoxec
   449 | D        | Reached *** piety under Sif Muna
   450 | D        | Reached skill level 9 in Fire Magic
   456 | D        | Killed a neqoxec
   477 | D        | Learned a level 3 spell: Call Canine Familiar
   576 | D        | Noticed a merfolk siren
   582 | D        | Killed a merfolk siren
   583 | D        | Reached XP level 8. HP: 50/50 MP: 5/17
   590 | D        | Noticed a flying skull
   590 | D        | Noticed a flying skull
   590 | D        | Noticed a flying skull
   590 | D        | Noticed a flying skull
   590 | D        | Noticed a flying skull
   591 | D        | Noticed a flying skull
   592 | D        | Noticed a flying skull
   592 | D        | Noticed a flying skull
   592 | D        | Noticed a flying skull
   592 | D        | Noticed a flying skull
   592 | D        | Noticed a flying skull
   593 | D        | Found Goapaeq's Antique Armour Shop.
   596 | D        | Found Onirr's Weapon Boutique.
   596 | D        | Found Esoest's Distillery.
   596 | D        | Found Qink's Magic Scroll Shop.
   597 | D        | Found Elettira's Antique Weapon Shop.
   597 | D        | Found Onnoruoch's Antique Weapon Boutique.
   598 | D        | Found Esousk's Magic Scroll Boutique.
   598 | D        | Found Xyibie's Jewellery Shop.
   600 | D        | Found Upewel's Book Shop.
   602 | D        | Reached **** piety under Sif Muna
   610 | D        | Found Atoug's Antique Armour Shop.
   610 | D        | Found Ofrenk's Jewellery Boutique.
   610 | D        | Found Baavec's Distillery.
   610 | D        | Noticed a manticore
   611 | D        | Found Jeazu's Distillery.
   611 | D        | Found Uleamab's Magic Scroll Boutique.
   613 | D        | Noticed a manticore
   624 | D        | Killed Menkaure
   625 | D        | Reached skill level 5 in Shields
   625 | D        | Reached skill level 1 in Hexes
   625 | D        | Reached skill level 5 in Summonings
   629 | D        | Noticed a skeletal warrior
   637 | D        | Noticed a flying skull
   666 | D        | Noticed a yaktaur captain
   670 | D        | Noticed a hell hog
   670 | D        | Noticed a hell hog
   670 | D        | Noticed a centaur warrior
   685 | D        | HP: 2/50 [centaur warrior (4)]
   691 | D        | Killed a centaur warrior
   691 | D        | Killed a yaktaur captain
   692 | D        | Reached skill level 10 in Fire Magic
   692 | D        | Reached XP level 9. HP: 4/54 MP: 4/21
   692 | D        | Killed from afar by a hell hog

Illustrated notes

Levels and vault maps discovered:
D:        the_violet_keep_of_menkaure [sprint2_stairs_cluster_1,
          sprint2_shoproom, sprint2_temple, sprint2_basic_supplies,
          sprint2_obstacle_1, sprint2_obstacle_5, sprint2_obstacle_7,
          sprint2_obstacle_2, sprint2_obstacle_4, sprint2_timed_cluster_1,
          sprint2_smallroom_cluster_1, sprint2_smallroom_final_cluster_1,
          sprint2_transparent_cluster_1, sprint2_second_timed_cluster_1,
          sprint2_sniper_area_1, sprint2_heavy_combat_area_1,
          sprint2_mutation_trap_area_1, sprint2_forest_area_1,
          sprint2_light_combat_area_1, sprint2_behind_water_1,
          sprint2_near_end_vault_1]

Skill      XL: |  1  2  3  4  5  6  7  8 |
---------------+-------------------------+-----
Fire Magic     | 4 5 6 7 8 9 10 | 10.7
Dodging        | 3 4 5 6 |  6.2
Spellcasting   | 3 4 5 6 8 |  8.2
Conjurations   | 3 4 5 6 8 |  8.1
Invocations    | 2 3 4 6 7 8 |  8.7
Staves         | 1 2 3 |  3.4
Fighting       | 1 2 |  2.2
Shields        | 2 4 6 |  6.6
Summonings     | 2 4 6 |  6.2
Hexes          | 3 |  3.0
Stealth        | |  2.9

Action                     |  1- 3 |  4- 6 |  7- 9 || total
---------------------------+-------+-------+-------++-------
  Melee: Unarmed           |     8 |       |       ||     8
         Tentacles         |     3 |     4 |     2 ||     9
         Constrict         |     3 |     2 |     1 ||     6
         Staff             |     4 |    14 |     4 ||    22
   Cast: Summon Small Mamm |     1 |       |       ||     1
         Scorch            |       |     1 |     8 ||     9
         Flame Wave        |       |     3 |       ||     3
         Summon Guardian G |       |       |     3 ||     3
         Inner Flame       |       |       |     5 ||     5
         Foxfire           |       |       |     4 ||     4
    Use: Potion            |     7 |     3 |     4 ||    14
         Scroll            |     8 |       |     2 ||    10
 Armour: Skin              |     2 |     2 |       ||     4
  Dodge: Dodged            |     3 |    11 |     7 ||    21
  Block: Other             |       |     6 |     1 ||     7

Table legend: (Time is in decaauts)
 A = Elapsed time spent in this place.
 B = Non-inter-level travel time spent in this place.
 C = Inter-level travel time spent in this place.
 D = Time resting spent in this place.
 E = Time spent auto-exploring this place.
 F = Levels seen in this place.
 G = Mean time per level.
                   A        B        C        D        E       F      G
               +--------+--------+--------+--------+--------+-----+--------+
         Total |    706 |    706 |      0 |    246 |      0 |   1 |  706.0 |
       Dungeon |    706 |    706 |      0 |    246 |      0 |   1 |  706.0 |
               +--------+--------+--------+--------+--------+-----+--------+

Top non-repeatable levels by time:
       D: 706 daAuts
